Map: [ESL] Altitude

Players

Bunny

  • Race: Terran Terran

Classic - Winner!

  • Race: Protoss Protoss

Event: IEM Katowice 2023

VOD

Have the link to the VOD?

Description

Time

  • Played on: Feb. 9, 2023, 12:37 p.m.
  • Length: 21:05

All games in this series

Show
View Real Time Build Order
Export as new Build Order

Bunny Terran 

Build Orders: Reaper Expand 

Get SALT Encoding   

  12  0:00  SCV  
  13  0:12  SCV  
  14  0:17  Supply Depot  
  14  0:24  SCV  
  15  0:38  SCV  
  15  0:39  Barracks  
  16  0:43  Refinery  
  16  0:50  SCV  
  17  1:03  SCV  
  18  1:15  SCV  
  19  1:26  Reaper  
  19  1:27  Orbital Command  
  20  1:43  Command Center  
  20  1:49  Supply Depot  
  20  1:52  SCV  
  21  1:58  Marine  
  22  2:04  SCV  
  22  2:08  Factory  
  23  2:14  Bunker  
  23  2:18  SCV  
  23  2:20  Barracks Reactor  
  24  2:24  Refinery  
  24  2:30  SCV  
  25  2:42  SCV  
  26  2:53  Hellion  
  26  2:54  Orbital Command, SCV, Starport  
  26  2:58  Marine  
  29  3:01  Marine  
  31  3:06  SCV  
  32  3:14  Factory Tech Lab  
  32  3:17  Marine  
  32  3:18  SCV  
  32  3:19  Marine  
  35  3:20  SCV  
  36  3:30  SCV  
  36  3:32  SCV  
  36  3:33  Cyclone  
  41  3:36  Supply Depot  
  41  3:40  Viking  
  43  3:42  SCV  
  43  3:44  SCV  
  43  3:47  Marine  
  46  3:56  Marine  
  46  3:58  SCV x2  
  46  4:01  Supply Depot  
  48  4:05  Barracks  
  48  4:07  Marine  
  49  4:12  SCV x2  
  49  4:14  Marine  
  49  4:15  Refinery  
  49  4:17  Factory Tech Lab, Engineering Bay  
  52  4:18  Raven  
  55  4:24  SCV x2  
  55  4:28  Barracks  
  55  4:31  Marine  
  57  4:32  Marine  
  57  4:36  SCV x2  
  57  4:37  Supply Depot  
  60  4:43  Terran Infantry Weapons Level 1  
  60  4:48  Factory Reactor, SCV x2  
  62  4:56  Supply Depot  
  62  4:58  Marine x2  
  62  4:59  Refinery  
  64  5:00  Supply Depot  
  64  5:02  SCV x2, Starport Reactor  
  64  5:04  Stimpack  
  68  5:07  Marauder  
  68  5:13  Supply Depot  
  68  5:16  Marine x2  
  68  5:18  SCV x2  
  72  5:22  Combat Shield  
  72  5:23  Supply Depot  
  72  5:24  Marauder  
  76  5:28  Marauder  
  76  5:29  Widow Mine  
  76  5:31  Widow Mine  
  76  5:35  Marine x2  
  80  5:38  Medivac  
  80  5:40  Medivac  
  84  5:43  Supply Depot  
  84  5:45  Marauder  
  84  5:47  Supply Depot  
  88  5:50  Marauder  
  88  5:57  Widow Mine x2  
  92  5:58  SCV x2  
  92  6:00  Marine  
  92  6:01  Marine  
  96  6:08  Medivac, Supply Depot  
  96  6:10  Medivac  
  100  6:19  Command Center  
  100  6:21  SCV x2  
  100  6:23  Supply Depot  
  102  6:29  Marauder x2  
  102  6:30  Marine  
  102  6:32  Widow Mine  
  109  6:34  Widow Mine  
  111  6:40  Terran Infantry Armor Level 1  
  111  6:43  Medivac  
  111  6:45  Medivac  
  115  6:51  SCV x2  
  117  6:55  Marauder x2  
  117  6:58  Marine x2  
  118  7:03  Barracks  
  118  7:04  Barracks  
  115  7:17  Marauder  
  115  7:18  Marauder  
  115  7:19  Marine x2  
  114  7:23  Widow Mine x2  
  114  7:28  SCV x2  
  116  7:32  Medivac x2  
  120  7:40  Ghost Academy, SCV  
  120  7:41  SCV  
  120  7:43  Marauder x2  
  126  7:44  Widow Mine x2  
  126  7:46  Marine x2  
  125  8:02  Orbital Command, SCV x2, Viking x2  
  131  8:06  Barracks Tech Lab, Supply Depot, Barracks Reactor  
  131  8:09  Ghost  
  133  8:15  Ghost  
  133  8:17  SCV x2  
  133  8:19  Marine, Refinery x2  
  137  8:20  Marine  
  137  8:26  Concussive Shells  
  139  8:32  SCV x3  
  142  8:34  Ghost  
  142  8:39  Marine x2  
  142  8:43  Armory  
  142  8:44  Engineering Bay  
  142  8:46  Widow Mine  
  142  8:47  Command Center, Widow Mine  
  146  8:49  Viking  
  146  8:51  SCV  
  146  8:52  SCV x2  
  148  8:59  Marine, Marauder x2  
  153  9:03  Marauder  
  153  9:06  Marine x2  
  157  9:11  SCV  
  157  9:12  SCV x2  
  157  9:14  Supply Depot x2  
  157  9:17  Missile Turret  
  157  9:31  Marine  
  157  9:32  Marine x2  
  157  9:35  Marine, Ghost x3  
  157  9:38  Widow Mine x2  
  159  9:47  Viking x2  
  159  9:49  Marine x2, Sensor Tower  
  159  9:50  Marine, Supply Depot  
  164  9:52  Marine  
  164  9:54  Terran Infantry Weapons Level 2  
  164  9:59  Widow Mine x2  
  161  10:03  Marine  
  161  10:04  Marauder x2, SCV x3  
  169  10:07  Terran Infantry Armor Level 2  
  169  10:19  Marine x4  
  173  10:22  Marauder, Terran Ship Weapons Level 1  
  173  10:24  SCV x3  
  178  10:32  Viking x2  
  180  10:38  Ghost x2  
  180  10:40  Barracks  
  180  10:42  Barracks  
  182  10:45  Barracks, Missile Turret  
  182  10:47  Planetary Fortress  
  180  11:02  Medivac  
  181  11:09  Marine x2, Marauder x3  
  189  11:12  Marine x2, SCV  
  189  11:13  SCV x2  
  189  11:18  Viking  
  189  11:20  Fusion Core, Starport  
  189  11:25  SCV x3  
  191  11:27  Marine  
  191  11:28  Refinery  
  191  11:29  Marine x2, Ghost  
  191  11:30  Command Center, Refinery  
  195  11:37  SCV  
  196  11:45  SCV  
  196  11:46  Missile Turret  
  195  11:54  Widow Mine  
  195  11:59  Sensor Tower  
  195  12:00  Missile Turret  
  194  12:19  Advanced Ballistics, Starport Reactor  
  191  12:29  Terran Infantry Weapons Level 3, Terran Infantry Armor Level 3  
  184  12:35  Command Center  
  180  12:38  Liberator x2  
  177  12:47  SCV  
  177  12:48  SCV  
  177  12:51  Armory  
  177  12:52  Missile Turret  
  177  12:57  Barracks Tech Lab x2, Barracks Reactor  
  176  13:01  SCV x3  
  176  13:03  Personal Cloaking  
  179  13:06  Marauder  
  179  13:07  Marauder x2  
  179  13:09  Medivac x2  
  189  13:13  SCV  
  158  13:28  Marine x3, Marauder x2  
  158  13:29  Marine x4  
  158  13:31  Liberator x2  
  164  13:38  Liberator  
  164  13:39  Orbital Command  
  165  13:42  Liberator  
  165  13:46  Marine x3  
  165  13:48  Marauder  
  173  13:51  Ghost  
  173  13:52  Marine x4  
  179  14:00  Missile Turret x2  
  177  14:09  Marine  
  162  14:10  Marine x3, Marauder x3  
  162  14:12  Marine x3  
  162  14:14  Liberator  
  143  14:20  Marine  
  123  14:27  Marine x4  
  123  14:29  Marine  
  123  14:30  Marine, SCV, Marauder  
  123  14:31  SCV  
  128  14:32  Marine  
  128  14:36  SCV  
  129  14:43  SCV x2  
  131  14:46  SCV  
  131  14:48  SCV  
  133  14:55  SCV  
  133  14:59  Marauder  
  114  15:00  Marine x2  
  114  15:06  Marine x5  
  101  15:11  Marine  
  101  15:13  Planetary Fortress  
  98  15:17  SCV  
  98  15:18  SCV  
  100  15:22  Liberator  
  100  15:24  SCV  
  100  15:25  SCV  
  105  15:29  SCV  
  105  15:30  SCV  
  105  15:31  SCV  
  108  15:35  Liberator  
  108  15:36  SCV  
  108  15:41  SCV x2  
  114  15:44  Liberator  
  114  15:49  Orbital Command, Missile Turret  
  117  15:58  Liberator  
  115  16:05  Liberator  
  115  16:08  SCV x4  
  118  16:13  SCV  
  118  16:18  Liberator  
  119  16:20  SCV  
  119  16:22  Widow Mine x2  
  127  16:25  Ghost x2  
  127  16:26  SCV  
  127  16:27  Marine x2, Liberator  
  127  16:28  Marine  
  127  16:32  SCV  
  139  16:38  SCV  
  140  16:40  Ghost  
  140  16:41  Liberator, Missile Turret  
  140  16:42  Missile Turret  
  140  16:43  Marine x2  
  141  16:48  Marine x3, Liberator  
  127  16:54  Marine  
  127  16:55  Marine x4  
  127  17:01  Marine x2, Liberator  
  128  17:09  Marauder  
  128  17:10  Liberator  
  128  17:13  Marine x2  
  128  17:14  Marine  
  136  17:15  Marine  
  136  17:16  Marine  
  138  17:29  Marauder x3  
  142  17:31  Marine  
  132  17:48  Marauder x2  
  136  17:55  Liberator x2  
  139  18:00  Missile Turret  
  131  18:08  Liberator  
  131  18:09  Liberator  
  127  18:13  Marauder  
  127  18:23  Marine  
  127  18:24  Ghost  
  123  18:37  Marine x4  
  123  18:38  Marine  
  125  18:47  Marine  
  55  19:54  Orbital Command  
  54  20:10  Orbital Command  
  48  20:37  SCV  
  47  20:49  SCV  
Show
View Real Time Build Order
Export as new Build Order

Classic Protoss - Winner!

Build Orders: 1 Gate Expand, Phoenix Opening, Colossus Rush 

Get SALT Encoding   

  12  0:00  Probe  
  13  0:12  Probe  
  14  0:18  Pylon  
  14  0:24  Probe (Chrono Boost)  
  15  0:36  Probe (Chrono Boost)  
  15  0:37  Gateway  
  16  0:45  Probe (Chrono Boost)  
  16  0:47  Assimilator  
  17  0:51  Probe  
  18  1:03  Probe  
  19  1:15  Probe  
  20  1:24  Cybernetics Core  
  20  1:35  Nexus  
  20  1:42  Pylon  
  20  1:45  Probe  
  21  1:51  Assimilator  
  21  1:57  Adept (Chrono Boost)  
  21  1:58  Probe  
  24  2:10  Probe  
  25  2:17  Adept (Chrono Boost)  
  25  2:22  Probe  
  28  2:26  Stargate  
  28  2:33  Warp Gate  
  28  2:34  Probe  
  29  2:40  Adept  
  31  2:46  Probe (Chrono Boost)  
  33  2:52  Probe (Chrono Boost)  
  33  2:56  Probe (Chrono Boost)  
  34  3:00  Probe (Chrono Boost)  
  34  3:01  Probe (Chrono Boost)  
  36  3:11  Probe (Chrono Boost)  
  36  3:12  Phoenix  
  39  3:13  Probe (Chrono Boost)  
  40  3:24  Pylon  
  40  3:25  Probe (Chrono Boost)  
  42  3:28  Robotics Facility, Probe (Chrono Boost)  
  42  3:31  Probe (Chrono Boost)  
  43  3:35  Probe (Chrono Boost)  
  43  3:39  Assimilator  
  46  3:42  Probe  
  46  3:43  Gateway  
  46  3:48  Probe  
  49  3:53  Phoenix  
  48  4:00  Pylon, Probe x2  
  50  4:07  Assimilator  
  50  4:12  Probe x2  
  50  4:17  Immortal (Chrono Boost)  
  52  4:18  Robotics Bay  
  52  4:23  Stalker  
  58  4:26  Probe x2  
  58  4:29  Shield Battery  
  60  4:36  Pylon  
  61  4:38  Probe x2  
  62  4:54  Observer (Chrono Boost), Stalker x2  
  62  4:56  Pylon  
  67  5:02  Nexus  
  67  5:06  Pylon  
  67  5:12  Colossus (Chrono Boost)  
  73  5:22  Extended Thermal Lance  
  73  5:29  Shield Battery  
  73  5:33  Probe x2  
  73  5:34  Sentry  
  73  5:35  Zealot  
  79  5:37  Pylon  
  79  5:45  Shield Battery, Probe x2  
  81  5:53  Colossus (Chrono Boost)  
  81  5:55  Twilight Council  
  87  5:57  Probe  
  87  5:58  Probe  
  87  6:02  Observer  
  89  6:04  Forge  
  89  6:08  Phoenix  
  91  6:13  Gateway  
  91  6:18  Gateway  
  91  6:22  Stalker  
  93  6:25  Stalker  
  93  6:30  Probe x3  
  97  6:33  Pylon  
  97  6:37  Shield Battery  
  97  6:44  Colossus (Chrono Boost)  
  97  6:45  Charge  
  103  6:50  Sentry  
  103  6:51  Zealot  
  107  6:56  Protoss Ground Weapons Level 1 (Chrono Boost)  
  107  6:59  Probe x3  
  106  7:16  Zealot x4  
  108  7:26  Probe x3  
  108  7:28  Phoenix  
  107  7:33  Gateway  
  107  7:35  Immortal (Chrono Boost)  
  107  7:36  Gateway  
  111  7:37  Stalker x3  
  111  7:42  Pylon  
  117  7:55  Zealot  
  117  8:00  Gateway  
  117  8:01  Probe x2  
  117  8:02  Gateway  
  117  8:03  Assimilator, Templar Archives  
  117  8:04  Zealot x2  
  124  8:07  Zealot  
  125  8:20  Pylon  
  125  8:26  Pylon  
  123  8:28  Observer (Chrono Boost)  
  118  8:35  Zealot x3  
  124  8:46  Warp Prism (Chrono Boost)  
  122  8:52  Photon Cannon  
  122  8:54  Pylon  
  122  8:55  Pylon  
  122  8:57  Nexus  
  122  9:02  Zealot  
  124  9:08  Blink  
  123  9:10  Pylon, Protoss Ground Weapons Level 2 (Chrono Boost)  
  123  9:11  Pylon  
  123  9:13  Pylon, Zealot x6  
  123  9:14  Zealot  
  126  9:35  Zealot x6  
  132  9:50  Probe x3  
  131  10:01  Immortal (Chrono Boost)  
  131  10:02  Probe x3  
  131  10:03  Robotics Facility  
  131  10:05  High Templar x4  
  131  10:06  High Templar x2  
  150  10:10  Archon x3  
  150  10:12  Zealot  
  150  10:15  Zealot  
  150  10:16  Zealot  
  150  10:19  Forge  
  154  10:23  Probe x4  
  154  10:25  Photon Cannon  
  158  10:37  Probe x4  
  158  10:40  Warp Prism (Chrono Boost)  
  158  10:42  Robotics Facility  
  158  10:51  High Templar x2  
  158  10:52  Zealot x4  
  170  10:57  Disruptor (Chrono Boost)  
  170  10:59  Archon  
  170  11:02  Gravitic Drive  
  173  11:06  Protoss Ground Armor Level 1 (Chrono Boost)  
  173  11:07  Zealot  
  173  11:08  Zealot  
  173  11:14  Zealot x3  
  173  11:15  Zealot  
  161  11:27  Disruptor x3 (Chrono Boost)  
  168  11:38  Probe x4  
  168  11:39  Protoss Ground Weapons Level 3 (Chrono Boost)  
  171  11:45  Pylon  
  171  11:46  Pylon  
  171  11:49  Pylon  
  171  11:50  Zealot x4, Probe  
  176  11:59  Pylon  
  172  12:01  Nexus  
  172  12:05  Zealot x2  
  172  12:06  Zealot x2  
  174  12:12  Disruptor x2 (Chrono Boost)  
  169  12:28  Zealot x4  
  169  12:29  Zealot x4  
  185  12:43  Disruptor x3 (Chrono Boost)  
  168  12:49  Nexus  
  169  12:52  Pylon, Zealot x8  
  175  13:12  Protoss Ground Armor Level 2 (Chrono Boost)  
  170  13:23  Nexus  
  170  13:24  Immortal (Chrono Boost)  
  154  13:36  Immortal x2 (Chrono Boost), Stalker  
  154  13:37  Stalker x7  
  154  13:39  Pylon  
  170  13:48  Gateway  
  170  13:51  Gateway  
  170  13:56  Warp Prism (Chrono Boost)  
  156  14:10  Disruptor  
  156  14:11  Disruptor  
  142  14:20  Zealot x8  
  142  14:31  Disruptor  
  145  14:41  Stalker x3  
  145  14:42  Zealot x5  
  145  14:44  Probe x3  
  145  14:45  Probe  
  165  14:46  Probe, Disruptor x2 (Chrono Boost)  
  143  15:06  Warp Prism (Chrono Boost)  
  117  15:16  Zealot x2  
  117  15:17  Zealot x4  
  117  15:19  Immortal (Chrono Boost)  
  117  15:20  Immortal (Chrono Boost)  
  129  15:22  Zealot x2  
  141  15:34  Observer (Chrono Boost)  
  140  15:46  Zealot x8  
  156  15:54  Disruptor x2  
  154  16:09  Stalker x3  
  154  16:10  Zealot x3, Stalker x2  
  164  16:21  Pylon  
  164  16:23  Nexus  
  164  16:27  Assimilator  
  164  16:35  Stalker x2  
  164  16:36  Zealot x6  
  155  16:56  Stalker x5  
  155  17:03  Probe x4  
  155  17:04  Probe, Warp Prism (Chrono Boost)  
  155  17:06  Disruptor (Chrono Boost)  
  162  17:15  Probe  
  166  17:20  Zealot x5  
  167  17:43  Zealot x4  
  167  17:44  Zealot x3  
  173  17:47  Zealot  
  173  17:49  Probe  
  168  18:01  Probe  
  165  18:09  Nexus  
  163  18:13  Probe  
  163  18:18  Stalker x4  
  163  18:19  Stalker x2  
  172  18:26  Stalker  
  172  18:27  Stalker  
  143  18:57  Stalker x6  
  143  19:01  Shield Battery  
  143  19:03  Photon Cannon x2  
  139  19:20  Stalker x2  
  139  19:21  Stalker x3  
  95  19:48  Zealot x5  
  100  20:02  Pylon  
  100  20:19  Pylon  
  100  20:20  Shield Battery  
  100  20:29  Zealot x4  
  100  20:36  Zealot x2  
  83  21:02  Zealot x3  

Tags
 
Add a new tag
Caveats
  • Supply blocks, unpowered buildings, or Contaminate may cause inaccurate times.
  • Supply counts are checked every 10 seconds.